 Dungeon Crawl Stone Soup version 0.28-a0-1555-g9ae15a6949 (webtiles) character file.

Game seed: 5528989457713540604

41 leviel the Skirmisher (level 3, 0/33 HPs)
             Began as a Hill Orc Fighter on Jan 19, 2022.
             Succumbed to a kobold's poison
             ... on level 2 of the Dungeon.
             The game lasted 00:00:58 (1322 turns).

leviel the Skirmisher (Hill Orc Fighter)            Turns: 1322, Time: 00:00:59

Health: 0/33       AC:  6    Str: 18 (20) XL:     3   Next: 52%
Magic:  3/3        EV:  9    Int:  5 (8)  God:
Gold:   40         SH:  4    Dex:  7 (10) Spells: 2/2 levels left

rFire   . . .      SeeInvis .   a - +0 war axe
rCold   . . .      Faith    .   c - +0 buckler
rNeg    . . .      Spirit   .   b - +0 scale mail
rPois   .          Reflect  .   (no helmet)
rElec   .          Harm     .   (no cloak)
rCorr   .          Rampage  .   (no gloves)
Will    .....                   (no boots)
Stlth   ..........              (no amulet)
HPRegen 0.11/turn               (no ring)
MPRegen 0.08/turn               (no ring)

@: brilliant, lethally poisoned (0 -> -7), very slow
A: no striking features
a: no special abilities


You were on level 2 of the Dungeon.
You visited 1 branch of the dungeon, and saw 2 of its levels.

You collected 40 gold pieces.

Inventory:

Hand Weapons
 a - a +0 war axe (weapon)
Armour
 b - a +0 scale mail (worn)
 c - a +0 buckler (worn)
Scrolls
 e - a scroll of enchant weapon {unknown}
 f - a scroll of teleportation {unknown}
 g - a scroll of fog {unknown}
 i - 2 scrolls of noise {unknown}
 j - a scroll of identify {unknown}
 k - a scroll of torment {unknown}
Potions
 d - a potion of might
 h - a potion of degeneration


   Skills:
 + Level 4.0 Fighting
 * Level 3.7 Axes
 + Level 3.6 Armour
 + Level 3.6 Shields


You had 2 spell levels left.
You didn't know any spells.
Your spell library contained the following spells:

 Spells                   Type           Power      Damage    Failure   Level
 Ozocubu's Armour         Ice            0%         N/A       100%        3
 Ozocubu's Refrigeration  Ice            0%         4d5       100%        7


Dungeon Overview and Level Annotations

Branches:
Dungeon (2/15)

Altars:


Message History

You feel very sick.
The kobold hits you with a +1 dagger of venom.
You block the kobold's attack.
You closely miss the kobold.
The kobold is heavily wounded.
You feel sick. The kobold misses you.
Your unstable footing causes you to fumble your attack.
You feel sick. The kobold hits you but does no damage.
You are more poisoned.
The kobold splashes around in the water.
Your unstable footing causes you to fumble your attack.
You feel very sick. The kobold hits you but does no damage.
You are more poisoned.
You barely miss the kobold.
The kobold is heavily wounded.
You feel very sick. The kobold hits you but does no damage.
You are lethally poisoned!
You closely miss the kobold.
The kobold is heavily wounded.
You feel very sick.
The kobold splashes around in the water. x2
You hit the kobold.
You kill the kobold!
You hear a splash. x2
* * * LOW HITPOINT WARNING * * *
You feel very sick.
* * * LOW HITPOINT WARNING * * *
You feel very sick.
Things that are here:
a +1 dagger of venom; 5 stones; a kobold corpse It was a potion of degeneration.
There was something very wrong with that liquid.
You feel weakened.
You feel dopey.
You feel clumsy.
* * * LOW HITPOINT WARNING * * *
You feel sick.
It was a potion of brilliance.
You feel clever all of a sudden.
You die...

############ ≈##
###≈≈≈≈≈≈≈≈≈≈# ≈≈#
##≈≈≈≈≈≈≈≈≈≈≈≈≈
#.####.#≈≈≈≈≈≈≈≈≈≈≈#
#....######≈≈≈≈≈###
#....# ##≈≈≈≈≈≈≈≈≈≈
#....# #≈≈≈≈≈≈≈≈≈≈≈
#....###≈≈≈≈≈######
##''###≈≈≈≈@≈.PP..P
#..##≈≈≈≈≈≈≈≈..##+
#####'####≈≈≈≈≈≈≈.#
##≈≈.....###≈≈≈≈≈≈≈#
#.≈......≈≈##≈≈≈≈≈≈#
..≈≈.......≈≈##≈≈≈≈.#
P≈≈#......#.≈.##≈≈.P#
≈≈###....###≈#.##≈≈≈..
≈≈≈≈#......#≈≈≈..##≈≈≈.


There were no monsters in sight!

Vanquished Creatures
  An adder (D:2)
  A dart slug (D:1)
  2 ball pythons (D:1)
  A giant cockroach (D:1)
  2 goblins (D:1)
  4 hobgoblins (D:1)
  4 jackals (D:1)
  A kobold (D:2)
  3 quokkas
  2 bats (D:1)
  2 frilled lizards (D:1)
  4 rats (D:1)
27 creatures vanquished.

Notes
Turn   | Place    | Note
-------+----------+-------------------------------------------
     0 | D:1      | leviel the Hill Orc Fighter began the quest for the Orb.
     0 | D:1      | Reached XP level 1. HP: 19/19 MP: 1/1
   259 | D:1      | Reached XP level 2. HP: 25/27 MP: 2/2
   744 | D:1      | Reached XP level 3. HP: 33/33 MP: 3/3
   756 | D:1      | Reached skill level 4 in Fighting
  1322 | D:2      | Succumbed to a kobold's poison

Illustrated notes

Levels and vault maps discovered:
D:1:      lemuel_arrival_rhombus, layout_loops_ring, serial_forest,
          infiniplex_forest_end_1, infiniplex_forest_lined_corner,
          infiniplex_forest_join, infiniplex_forest_straight_3,
          infiniplex_forest_end_double
D:2:      wad_lake_hut, layout_basic, shapermc_ecumenical_altar_mp_urbaneastern

Skill      XL: |  1  2  3 |
---------------+----------+-----
Axes           | 3 |  3.7
Fighting       | 4 |  4.0
Armour         | |  3.6
Shields        | |  3.6

Action                   || total
-------------------------++-------
Melee: War axe           ||    69
  Use: Potion            ||     2
Armor: Scale mail        ||    31
Dodge: Dodged            ||    35
Block: Buckler           ||    16

Table legend: (Time is in decaauts)
 A = Elapsed time spent in this place.
 B = Non-inter-level travel time spent in this place.
 C = Inter-level travel time spent in this place.
 D = Time resting spent in this place.
 E = Time spent auto-exploring this place.
 F = Levels seen in this place.
 G = Mean time per level.
                   A        B        C        D        E       F      G
               +--------+--------+--------+--------+--------+-----+--------+
         Total |   1358 |   1327 |     31 |      0 |   1140 |   2 |  679.0 |
       Dungeon |   1358 |   1327 |     31 |      0 |   1140 |   2 |  679.0 |
               +--------+--------+--------+--------+--------+-----+--------+

Top non-repeatable levels by time:
     D:1: 1035 daAuts
     D:2: 323 daAuts
